 Dungeon Crawl Stone Soup version 0.29-a0-266-gf56f883ddd (webtiles) character file.

Game seed: 17317024782845683626

109 Inarius the Chopper (level 4, -1/35 HPs)
             Began as a Demonspawn Fighter on Mar 6, 2022.
             Slain by a goblin
             ... wielding a +0 club
             ... led by Robin
              (6 damage)
             ... on level 3 of the Dungeon.
             The game lasted 00:01:38 (1961 turns).

Inarius the Chopper (Demonspawn Fighter)            Turns: 1961, Time: 00:01:38

Health: -1/35      AC:  3    Str: 24    XL:     4   Next: 60%
Magic:  4/4        EV: 10    Int: 11    God:
Gold:   167        SH:  4    Dex: 13    Spells: 3/3 levels left

rFire   . . .      SeeInvis +   a - +0 war axe
rCold   . . .      Faith    .   c - +0 buckler
rNeg    . . .      Spirit   .   n - +1 robe "Puqeliso" {Str+6 Int+2 SInv}
rPois   .          Reflect  .   (no helmet)
rElec   .          Harm     .   (no cloak)
rCorr   .          Rampage  .   (no gloves)
Will    .....                   (no boots)
Stlth   +.........              (no amulet)
HPRegen 0.11/turn               (no ring)
MPRegen 0.18/turn               (no ring)

@: no status effects
A: foul stench 1, magic regeneration
a: no special abilities


You were on level 3 of the Dungeon.
You visited 1 branch of the dungeon, and saw 3 of its levels.

You collected 167 gold pieces.

Inventory:

Hand Weapons
 a - a +0 war axe (weapon)
Armour
 b - a +0 scale mail
 c - a +0 buckler (worn)
 n - the +1 robe "Puqeliso" (worn) {Str+6 Int+2 SInv}
   (You found it on level 2 of the Dungeon)

   Str:       It affects your strength (+6).
   Int:       It affects your intelligence (+2).
   SInv:      It lets you see invisible.
Scrolls
 e - a scroll of vulnerability {unknown}
 h - 4 scrolls of magic mapping {unknown}
 i - a scroll of enchant armour {unknown}
 j - a scroll of identify {unknown}
 k - a scroll of fear {unknown}
 l - a scroll of teleportation {unknown}
 o - a scroll of noise {unknown}
Potions
 d - a potion of might
 f - a potion of mutation {unknown}
 g - a potion of brilliance {unknown}
 m - a potion of haste {unknown}
 p - a potion of curing
 q - a potion of attraction {unknown}


   Skills:
 + Level 3.4 Fighting
 * Level 3.5 Axes
 + Level 3.0 Armour
 + Level 3.0 Shields


You had 3 spell levels left.
You didn't know any spells.
Your spell library contained the following spells:

 Spells                   Type           Power      Damage    Failure   Level
 Beastly Appendage        Tmut           0%         N/A       43%         1
 Pain                     Necr           0%         1d4       43%         1
 Wereblood                Tmut           0%         N/A       56%         2
 Ignite Poison            Fire/Tmut/Pois 0%         N/A       80%         3
 Mephitic Cloud           Conj/Pois/Air  0%         N/A       80%         3
 Spider Form              Tmut/Pois      0%         N/A       80%         3
 Agony                    Necr           0%         N/A       100%        5
 Excruciating Wounds      Necr           0%         N/A       100%        5
 Freezing Cloud           Conj/Ice/Air   0%         6-21      100%        5


Dungeon Overview and Level Annotations

Branches:
Dungeon (3/15)

Altars:

Shops:
D:1 :

Annotations:
D:3 Robin


Innate Abilities, Weirdness & Mutations

You may rarely emit foul miasma when damaged in melee.
You regenerate magic rapidly.


Message History

Robin laughs in a distinctly smug fashion.
Robin roars a battlecry!
The goblins go into a battle-frenzy!
A goblin comes into view. It is wielding a +0 club.
The goblin hits you but does no damage. The goblin hits you with a +0 club.
The goblin attacks as you move away! The goblin hits you but does no damage.
The goblin attacks as you move away! The goblin hits you with a +0 club.
A goblin comes into view. It is wielding a +0 club.
The goblin shouts!
You hear a shout! x2
A goblin comes into view. It is wielding a +0 dagger.
The goblin attacks as you move away! The goblin barely misses you.
The goblin attacks as you move away! The goblin barely misses you.
A goblin comes into view. It is wielding a +0 club.
The goblin shouts!
Robin throws the goblin at you! The goblin hits you with a +0 club.
A goblin comes into view. It is wielding a +0 dagger.
The goblin moves out of view.
The goblin attacks as you move away! You block the goblin's attack.
Robin throws the goblin at you! The goblin barely misses you.
A goblin comes into view. It is wielding a +0 club.
The goblin barely misses you.
Found a helmet.
The goblin shouts!
Robin roars a battlecry!
The goblins go into a battle-frenzy!
You block the goblin's attack. Robin throws the goblin at you!
You block the goblin's attack. The goblin hits you with a +0 dagger.
The goblin attacks as you move away!
The goblin hits you but does no damage. x2
The goblin barely misses you. The goblin hits you with a +0 dagger.
Unknown command.
The goblin attacks as you move away! The goblin hits you with a +0 club.
* * * LOW HITPOINT WARNING * * *
You emit a cloud of foul miasma!
The goblin is engulfed in dark miasma.
The goblin is poisoned.
You kill the goblin!
The goblin hits you with a +0 dagger.
* * * LOW HITPOINT WARNING * * *
The goblin attacks as you move away! The goblin hits you with a +0 club.
You die...

#.#.# #.........# .
#.#.# #.........# #.#.#
#.........# #.#.#
#.........#
#.#.####.......##
#................
#.#.#.#########>.
#.#.#.###.......#
#.#.#....@g#### .
#####.#..###.#ggg.####..
#.............ยง.gg.g...
#####.##............##[
#....####....!..##
#..#..# #........#.###
#..##.# ##....).......
#####.####....$###.##
#..##.......##.


You could see Robin and 6 goblins.

Vanquished Creatures
  A scorpion (D:3)
  An adder (D:3)
  A dart slug (D:1)
  An orc (D:3)
  4 endoplasms (D:1)
  6 goblins
  3 hobgoblins
  5 quokkas (D:1)
  4 ball pythons (D:1)
  2 frilled lizards (D:1)
  3 kobolds
  5 rats
36 creatures vanquished.

Notes
Turn   | Place    | Note
-------+----------+-------------------------------------------
     0 | D:1      | Inarius the Demonspawn Fighter began the quest for the Orb.
     0 | D:1      | Reached XP level 1. HP: 18/18 MP: 1/1
    99 | D:1      | Found a faded altar of an unknown god.
   193 | D:1      | Gained mutation: You regenerate magic rapidly. [demonic
                  | ancestry]
   193 | D:1      | Reached XP level 2. HP: 24/24 MP: 2/2
   259 | D:1      | Found Qyatofoz's Book Shop.
   590 | D:1      | Gained mutation: You may rarely emit foul miasma when
                  | damaged in melee. [demonic ancestry]
   590 | D:1      | Reached XP level 3. HP: 18/29 MP: 3/3
  1228 | D:2      | Identified the +1 robe "Puqeliso" {Str+6 Int+2 SInv}
  1544 | D:3      | Noticed a scorpion
  1550 | D:3      | Killed a scorpion
  1551 | D:3      | Reached XP level 4. HP: 15/35 MP: 4/4
  1951 | D:3      | Noticed Robin
  1961 | D:3      | Slain by a goblin

Illustrated notes

Levels and vault maps discovered:
D:1:      dpeg_arrival_brainrot, layout_loops_ring, serial_shops,
          nicolae_lakefront_shop, ebering_ecumenical_altar_webs
D:2:      layout_basic
D:3:      layout_rooms, general_overflow_altar, bh_walls_and_bars, uniq_robin

Skill      XL: |  1  2  3 |
---------------+----------+-----
Axes           | 2 3 |  3.5
Shields        | 3 |  3.0
Armour         | 3 |  3.0
Fighting       | |  3.4

Action                   |  1- 3 |  4- 6 || total
-------------------------+-------+-------++-------
Melee: War axe           |    71 |    16 ||    87
  Use: Potion            |       |     1 ||     1
Armor: Scale mail        |    25 |       ||    25
       Robe              |     2 |     9 ||    11
Dodge: Dodged            |    41 |     9 ||    50
Block: Buckler           |    15 |     9 ||    24

Table legend: (Time is in decaauts)
 A = Elapsed time spent in this place.
 B = Non-inter-level travel time spent in this place.
 C = Inter-level travel time spent in this place.
 D = Time resting spent in this place.
 E = Time spent auto-exploring this place.
 F = Levels seen in this place.
 G = Mean time per level.
                   A        B        C        D        E       F      G
               +--------+--------+--------+--------+--------+-----+--------+
         Total |   1997 |   1965 |     32 |    327 |   1354 |   3 |  665.7 |
       Dungeon |   1997 |   1965 |     32 |    327 |   1354 |   3 |  665.7 |
               +--------+--------+--------+--------+--------+-----+--------+

Top non-repeatable levels by time:
     D:1: 1129 daAuts
     D:3: 437 daAuts
     D:2: 430 daAuts
